 Dungeon Sprint DCSS version 0.29-a0-323-g050149af67 (webtiles) character file.

Game seed: 1999495302016672946

19299 mhtbhm the Phalangite (level 12, -1/121 HPs)
             Began as a Merfolk Berserker on Apr 10, 2022.
             Was the Champion of Trog.
             Shot with an arrow by a centaur warrior (9 damage)
             ... in the Dungeon (Sprint IX: "|||||||||||||||||||||||||||||").
             The game lasted 00:06:21 (3513 turns).

mhtbhm the Phalangite (Merfolk Berserker)           Turns: 3513, Time: 00:06:21

Health: -1/121     AC: 19    Str: 22    XL:     12   Next: 67%
Magic:  12/12      EV: 23    Int:  6    God:    Trog [******]
Gold:   998        SH:  0    Dex: 14    Spells: 11/11 levels left

rFire   + . .      SeeInvis .   a - +4 halberd (flame)
rCold   . . .      Faith    .   (shield currently unavailable)
rNeg    . . .      Spirit   .   b - +0 swamp dragon scales
rPois   +          Reflect  .   l - +1 helmet
rElec   .          Harm     .   s - +1 cloak of Starlight {*Dazzle EV+4 Stlth--}
rCorr   .          Rampage  .   k - +1 pair of gloves
Will    .....      NoTele   +   t - +0 pair of boots
Stlth   +.........              (no amulet)
HPRegen 0.30/turn               p - ring of protection from fire
MPRegen 0.13/turn               n - +2 ring of evasion

@: no status effects
A: (nimble swimmer 2), mertail
a: Renounce Religion, Berserk, Trog's Hand, Brothers in Arms


You were in the Dungeon.
You worshipped Trog.
Trog was exalted by your worship.
You visited 1 branch You collected 1919 gold pieces.
You spent 921 gold pieces at shops.

Inventory:

Hand Weapons
 a - a +4 halberd of flaming (weapon)
Missiles
 o - 6 curare-tipped darts (quivered)
Armour
 b - +0 swamp dragon scales (worn)
 k - a +1 pair of gloves (worn)
 l - a +1 helmet (worn)
 s - the +1 cloak of Starlight (worn) {*Dazzle EV+4 Stlth--}
   (You acquired it in the Dungeon)

   It may blind those who miss an attack against the wearer in melee combat.
   EV:        It affects your evasion (+4).
   Stlth:     It makes you much less stealthy.
 t - a +0 pair of boots (worn)
Jewellery
 m - a +2 ring of protection
 n - a +2 ring of evasion (right hand)
 p - a ring of protection from fire (left hand)
 w - a ring of poison resistance
 y - a ring of protection from fire
 C - a ring of see invisible
Wands
 j - a wand of iceblast (8)
 z - a wand of polymorph (2)
Scrolls
 h - 4 scrolls of blinking
 q - 3 scrolls of fog
 r - 4 scrolls of enchant weapon
 u - 5 scrolls of enchant armour
 v - a scroll of immolation
 x - a scroll of brand weapon
 A - 2 scrolls of vulnerability
 B - a scroll of fear
 E - a scroll of identify
Potions
 c - 6 potions of curing
 d - 9 potions of heal wounds
 e - a potion of haste
 f - 4 potions of magic
 g - a potion of berserk rage
 i - a potion of invisibility
 D - a potion of mutation


   Skills:
 + Level 20.1 Fighting
 + Level 23.7 Polearms
 + Level 1.0 Throwing
 + Level 11.7 Armour
 + Level 13.7 Dodging
 + Level 6.4 Stealth
 + Level 2.3 Evocations


You had 11 spell levels left.
You didn't know any spells.
Your spell library was empty.

Dungeon Overview and Level Annotations

Branches:
Dungeon (1/1)

Altars:
Cheibriados
Dithmenos
Elyvilon
Fedhas
Gozag
Hepliaklqana
Kikubaaqudgha
Makhleb
Nemelex Xobeh
Okawaru
Qazlal
Ru
Sif Muna
Trog
Uskayaw
Vehumet
Wu Jian
Xom
Yredelemnul
Zin
The Shining One
Beogh
Jiyva
Lugonu

Shops:
D ?*(*


Innate Abilities, Weirdness & Mutations

((You are very nimble when in or above water. (Stealth+, EV+, Speed+++)))
Your lower body shifts to a powerful aquatic tail in water.


Message History

* * * LOW HITPOINT WARNING * * *
The fire giant burns you.
* * * LOW HITPOINT WARNING * * *
Blink to where?
Press: ? - help, Dir - move target
As you read the scroll of blinking, it crumbles to dust.
You feel yourself speed up. The fire giant casts a spell at you.
The fireball explodes!
The fireball engulfs you! You resist.
* * * LOW HITPOINT WARNING * * *
Things that are here:
a +1 scale mail; +1 ice dragon scales You see here a +1 tower shield.
Things that are here:
a +0 helmet; the +0 plate armour of the Heavens {Regen+} You see here a +0 pair of gloves.
You see here a +1 helmet.
You see here a +1 helmet.
You see here a +1 giant spiked club.
You see here a +1 battleaxe.
You see here a +3 broad axe.
You see here a +5 quarterstaff of speed.
You see here a +1 giant spiked club.
You see here a +0 bardiche.
You feel yourself speed up.
You see here a +1 great mace.
Your extra speed is starting to run out.
You see here a +1 great sword of electrocution.
There is an open door here.
You feel yourself slow down.
You recover from your berserk rage.
The centaur warrior wields a +0 shortbow.
The centaur warrior shoots an arrow.
The arrow hits you.
* * * LOW HITPOINT WARNING * * *
The centaur warrior shoots an arrow.
The arrow hits you.
* * * LOW HITPOINT WARNING * * *
The centaur warrior shoots an arrow.
The arrow closely misses you.
The centaur warrior shoots an arrow.
The arrow completely misses you.
The centaur warrior shoots an arrow.
The arrow hits you!
You die...

.................................
▓▓▓▓▓▓▓▓▓▓▓▓▓▓▓▓▓▓▓▓▓▓▓▓▓▓▓▓▓▓▓▓▓
......|.....)'.).......†)†......†
▓▓▓▓▓▓▓▓▓▓▓▓▓▓▓▓▓▓▓▓▓▓▓▓▓▓▓▓▓▓▓▓▓
.............................))..
▓▓▓▓▓▓▓▓▓▓▓▓▓▓▓▓▓▓▓▓▓▓▓▓▓▓▓▓▓▓▓▓▓
.....).))))))))....)))))))))....)
▓▓▓▓▓▓▓▓▓▓▓▓▓▓▓▓▓▓▓▓▓▓▓▓▓▓▓▓▓▓▓▓▓
.........c......@................
▓▓▓▓▓▓▓▓▓▓▓▓▓▓▓▓▓▓▓▓▓▓▓▓▓▓▓▓▓▓▓▓▓
.'.....))))C))).[[[[.[.[....!....
▓▓▓▓▓▓▓▓▓▓▓▓▓▓▓▓▓▓▓▓▓▓▓▓▓▓▓▓▓▓▓▓▓
,,,,,,,,,,,,,,,,,,,,,,,,,,,,,,,,,
*********************************
,,,,,,,+,,,,,,,,,+,,,,,,,,,+,,,,,
*********************************
,,,,,,,,,,,,,,,,,,,,,,,,,,,,,,,,,


You could see a centaur warrior.

Vanquished Creatures
  A dire elephant (D)
  A boulder beetle (D)
  3 hydras (D)
  An ogre mage (D)
  2 centaur warriors (D)
  Sonja (D)
  10 orc knights (D)
  An ugly thing (D)
  2 deep elf pyromancers (D)
  A manticore (D)
  7 elephants (D)
  3 cane toads (D)
  A komodo dragon (D)
  A rime drake (D)
  A polar bear (D)
  A troll (D)
  A hornet (D)
  A slime creature (D)
  A blink frog (D)
  A wyvern (D)
  2 basilisks (D)
  Grum (D)
  A steam dragon (D)
  A vampire mosquito (D)
  A water moccasin (D)
  16 orc warriors (D)
  4 wolves (D)
  A kobold brigand (D)
  3 bullfrogs (D)
  A scorpion (D)
  A jelly (D)
  3 orc priests (D)
  An iguana (D)
  6 orc wizards (D)
  A gnoll (D)
  6 orcs (D)
  2 endoplasms (D)
  A ball python (D)
  A frilled lizard (D)
  A rat (D)
95 creatures vanquished.

Vanquished Creatures (others)
  An orc wizard (D)
1 creature vanquished.

Grand Total: 96 creatures vanquished

Notes
Turn   | Place    | Note
-------+----------+-------------------------------------------
     0 | D        | mhtbhm the Merfolk Berserker began the quest for the Orb.
     0 | D        | Reached XP level 1. HP: 18/18 MP: 1/1
     8 | D        | Reached ** piety under Trog
    18 | D        | Noticed a jelly
    18 | D        | Noticed an iguana
    18 | D        | Noticed a scorpion
    22 | D        | Killed a jelly
    23 | D        | Reached skill level 5 in Fighting
    23 | D        | Reached skill level 6 in Polearms
    23 | D        | Reached XP level 2. HP: 4/27 MP: 2/2
    23 | D        | Reached XP level 3. HP: 5/33 MP: 3/3
   285 | D        | Reached *** piety under Trog
   286 | D        | Reached skill level 7 in Polearms
   286 | D        | Reached XP level 4. HP: 36/40 MP: 4/4
   288 | D        | Killed a scorpion
   289 | D        | Reached skill level 8 in Polearms
   289 | D        | Reached XP level 5. HP: 44/48 MP: 5/5
   303 | D        | Found a snail-covered altar of Cheibriados.
   303 | D        | Found a shadowy altar of Dithmenos.
   303 | D        | Found a white marble altar of Elyvilon.
   303 | D        | Found a blossoming altar of Fedhas.
   303 | D        | Found an opulent altar of Gozag.
   304 | D        | Found a hazy altar of Hepliaklqana.
   305 | D        | Found a viscous altar of Jiyva.
   306 | D        | Found an ancient bone altar of Kikubaaqudgha.
   307 | D        | Found a corrupted altar of Lugonu.
   308 | D        | Found a burning altar of Makhleb.
   309 | D        | Found a sparkling altar of Nemelex Xobeh.
   310 | D        | Found an iron altar of Okawaru.
   311 | D        | Found a stormy altar of Qazlal.
   312 | D        | Found a sacrificial altar of Ru.
   313 | D        | Found a shimmering blue altar of Sif Muna.
   314 | D        | Found a bloodstained altar of Trog.
   315 | D        | Found a hide-covered altar of Uskayaw.
   316 | D        | Found a radiant altar of Vehumet.
   317 | D        | Found an ornate altar of the Wu Jian Council.
   318 | D        | Found a shimmering altar of Xom.
   319 | D        | Found a basalt altar of Yredelemnul.
   320 | D        | Found a glowing silver altar of Zin.
   321 | D        | Found a glowing golden altar of the Shining One.
   400 | D        | Noticed an orc warrior
   400 | D        | Noticed a kobold brigand
   400 | D        | Noticed a steam dragon
   400 | D        | Noticed a hornet
   408 | D        | Killed an orc warrior
   408 | D        | Reached **** piety under Trog
   409 | D        | Reached skill level 10 in Polearms
   409 | D        | Reached skill level 5 in Dodging
   412 | D        | Killed a kobold brigand
   413 | D        | Reached skill level 11 in Polearms
   413 | D        | Reached XP level 6. HP: 34/59 MP: 6/6
   419 | D        | Killed a steam dragon
   420 | D        | Reached skill level 10 in Fighting
   420 | D        | Reached skill level 12 in Polearms
   421 | D        | Reached XP level 7. HP: 24/67 MP: 7/7
   423 | D        | Killed a hornet
   424 | D        | Reached skill level 13 in Polearms
   618 | D        | Noticed a slime creature
   618 | D        | Noticed a centaur warrior
   618 | D        | Noticed a centaur warrior
   618 | D        | Noticed a deep elf pyromancer
   618 | D        | Noticed a troll
   618 | D        | Noticed a vampire mosquito
   624 | D        | Killed a slime creature
   625 | D        | Reached skill level 14 in Polearms
   630 | D        | Killed a centaur warrior
   630 | D        | Reached ***** piety under Trog
   631 | D        | Reached skill level 15 in Polearms
   631 | D        | Reached skill level 5 in Armour
   631 | D        | Reached XP level 8. HP: 78/78 MP: 8/8
   635 | D        | Killed a centaur warrior
   636 | D        | Reached skill level 17 in Polearms
   636 | D        | Reached XP level 9. HP: 85/85 MP: 9/9
   638 | D        | Killed a deep elf pyromancer
   638 | D        | Received a gift from Trog
   640 | D        | Killed a troll
   641 | D        | Reached skill level 18 in Polearms
   797 | D        | Noticed a five-headed hydra
   797 | D        | Noticed a komodo dragon
   797 | D        | Noticed a polar bear
   797 | D        | Noticed a cane toad
   803 | D        | Killed a ten-headed hydra
   804 | D        | Reached XP level 10. HP: 81/95 MP: 10/10
   807 | D        | Reached skill level 15 in Fighting
   809 | D        | Noticed a five-headed hydra
   811 | D        | Reached skill level 19 in Polearms
   814 | D        | Killed a cane toad
   815 | D        | Reached skill level 10 in Dodging
   979 | D        | Received a gift from Trog
   987 | D        | Killed a 12-headed hydra
   988 | D        | Reached skill level 1 in Stealth
   996 | D        | Reached skill level 20 in Polearms
  1076 | D        | Noticed a six-headed hydra
  1076 | D        | Noticed a cane toad
  1077 | D        | Noticed a cane toad
  1090 | D        | HP: 4/147 [16-headed hydra (6)]
  1456 | D        | Received a gift from Trog
  1468 | D        | Killed a 20-headed hydra
  1798 | D        | Killed a cane toad
  1799 | D        | Reached XP level 11. HP: 106/106 MP: 11/11
  1916 | D        | Noticed a dire elephant
  1931 | D        | HP: 1/106 [dire elephant (6)]
  1936 | D        | Killed a dire elephant
  2312 | D        | Reached ****** piety under Trog
  2312 | D        | Received a gift from Trog
  2320 | D        | Reached skill level 21 in Polearms
  2320 | D        | Reached skill level 10 in Armour
  2472 | D        | Acquired the +1 cloak of Starlight {*Dazzle EV+4 Stlth--}
  2472 | D        | Found the +1 cloak of Starlight {*Dazzle EV+4 Stlth--}
  2523 | D        | Noticed Sonja
  2528 | D        | Killed Sonja
  2536 | D        | Noticed Grum
  2548 | D        | Killed Grum
  2553 | D        | Received a gift from Trog
  2691 | D        | Noticed an orc knight
  2706 | D        | Killed an orc knight
  2713 | D        | Received a gift from Trog
  2725 | D        | Reached skill level 1 in Evocations
  2841 | D        | Noticed an orc knight
  2864 | D        | Killed an orc knight
  2866 | D        | Received a gift from Trog
  2877 | D        | Reached skill level 22 in Polearms
  2877 | D        | Reached XP level 12. HP: 117/117 MP: 12/12
  2887 | D        | Received a gift from Trog
  2976 | D        | Found Fimiro's Magic Scroll Emporium.
  2992 | D        | Reached skill level 5 in Stealth
  2994 | D        | Found Rafewan's Assorted Antiques.
  3008 | D        | Received a gift from Trog
  3113 | D        | Found Kuph's Antique Weapon Emporium.
  3117 | D        | Found Maotar's Assorted Antiques.
  3137 | D        | Reached skill level 23 in Polearms
  3142 | D        | Reached skill level 1 in Throwing
  3192 | D        | Bought a scroll of blinking for 90 gold pieces
  3192 | D        | Bought a scroll of enchant armour for 90 gold pieces
  3192 | D        | Bought a scroll of fog for 24 gold pieces
  3192 | D        | Bought a scroll of immolation for 42 gold pieces
  3200 | D        | Bought a knobbly bronze ring for 130 gold pieces
  3204 | D        | Bought a scroll labelled DENIWOASAC for 22 gold pieces
  3204 | D        | Bought a scroll labelled DAUTALAMEA for 22 gold pieces
  3204 | D        | Bought a scroll of blinking for 165 gold pieces
  3204 | D        | Bought a crooked gold wand for 88 gold pieces
  3204 | D        | Bought a potion of heal wounds for 110 gold pieces
  3204 | D        | Bought a scroll labelled VUGGOT WYTUA for 22 gold pieces
  3204 | D        | Bought a scroll labelled VUGGOT WYTUA for 22 gold pieces
  3204 | D        | Bought a scroll labelled YNAAFI HAMETWE for 22 gold pieces
  3206 | D        | Bought a scroll of identify for 24 gold pieces
  3206 | D        | Bought a scroll of identify for 24 gold pieces
  3206 | D        | Bought a scroll of identify for 24 gold pieces
  3422 | D        | Noticed an ogre mage
  3422 | D        | Noticed a centaur warrior
  3422 | D        | Noticed a boulder beetle
  3428 | D        | Killed a boulder beetle
  3428 | D        | Received a gift from Trog
  3438 | D        | Noticed a fire giant
  3443 | D        | Killed an ogre mage
  3444 | D        | Noticed a fire dragon
  3451 | D        | Noticed a spark wasp
  3455 | D        | HP: 2/121 [fire giant/fireball (17)]
  3507 | D        | HP: 6/121 [centaur warrior/arrow (5)]
  3513 | D        | Shot with an arrow by a centaur warrior

Illustrated notes

Levels and vault maps discovered:
D:        linesprint [early_d, line_temple, items_1, d_10, items_2, lair_1,
          lair_end, items_3, orc_1, orc_end, items_4, d_15, swamp_1, shoals_1,
          snake_1, spider_1, d_20, vaults_1, items_5, swamp_end, shoals_end,
          snake_end, spider_end, vaults_end, d_27, items_6, zot_1, zot_end,
          crypt_end, forest_end, elf_end, slime_end, tomb_end, abyss_end,
          pan_hell_end]

Skill      XL: |  1  2  3  4  5  6  7  8  9 10 11 12 |
---------------+-------------------------------------+-----
Fighting       | 5 6 7 9 10 12 13 14 16 18 20 | 20.1
Dodging        | 3 4 5 6 8 9 10 13 | 13.7
Polearms       | 6 7 8 11 12 15 17 18 20 22 23 | 23.7
Armour         | 2 3 5 6 7 9 11 | 11.7
Stealth        | 1 4 6 |  6.4
Evocations     | 1 2 |  2.3
Throwing       | 1 |  1.0

Action                   |  1- 3 |  4- 6 |  7- 9 | 10-12 || total
-------------------------+-------+-------+-------+-------++-------
Melee: Spear             |    17 |    10 |       |       ||    27
       Halberd           |       |    17 |    30 |   306 ||   353
Throw: Dart              |       |       |       |     1 ||     1
Invok: Berserk           |     2 |     1 |     2 |     8 ||    13
Evoke: Wand              |       |       |       |     2 ||     2
  Use: Potion            |       |     1 |       |     3 ||     4
       Scroll            |       |       |       |     8 ||     8
 Stab: Invisible         |       |       |       |     2 ||     2
Armor: Animal skin       |     1 |     1 |       |       ||     2
       Scale mail        |       |     5 |    11 |    60 ||    76
       Swamp dragon scal |       |       |       |     5 ||     5
Dodge: Dodged            |       |    12 |    17 |   164 ||   193

Table legend: (Time is in decaauts)
 A = Elapsed time spent in this place.
 B = Non-inter-level travel time spent in this place.
 C = Inter-level travel time spent in this place.
 D = Time resting spent in this place.
 E = Time spent auto-exploring this place.
 F = Levels seen in this place.
 G = Mean time per level.
                   A        B        C        D        E       F      G
               +--------+--------+--------+--------+--------+-----+--------+
         Total |   3480 |   3480 |      0 |   2262 |    154 |   1 | 3480.0 |
       Dungeon |   3480 |   3480 |      0 |   2262 |    154 |   1 | 3480.0 |
               +--------+--------+--------+--------+--------+-----+--------+

Top non-repeatable levels by time:
       D: 3480 daAuts
